 Dungeon Crawl Stone Soup version 0.25.1-2-g60ff931df9 (webtiles) character file.

Game seed: 11429779991773558868

97 Martska the Chucker (level 4, -1/48 HPs)
             Began as an Ogre Hunter on Oct 18, 2020.
             Slain by an adder (4 damage)
             ... on level 3 of the Dungeon.
             The game lasted 00:03:06 (2945 turns).

Martska the Chucker (Ogre Hunter)                   Turns: 2945, Time: 00:03:07

Health: -1/48      AC:  3    Str: 17    XL:     4   Next: 68%
Magic:  4/4        EV: 10    Int: 12    God:
Gold:   114        SH:  0    Dex:  9    Spells: 3/3 levels left

rFire    . . .     SeeInvis .   a - +0 short sword
rCold    . . .     Gourm    .   (no shield)
rNeg     + . .     Faith    .   b - +0 robe
rPois    .         Spirit   .   (helmet restricted)
rElec    .         Reflect  .   (no cloak)
rCorr    .         Harm     .   (gloves unavailable)
MR       .....                  (boots unavailable)
Stlth    +.........             (no amulet)
HPRegen  0.16/turn              e - ring of positive energy
MPRegen  0.09/turn              (no ring)

@: lethally poisoned (-1 -> -4), very slow
A: large, unfitting armour, tough skin 1
a: no special abilities


You were on level 3 of the Dungeon.
You were not hungry.

You visited 1 branch of the dungeon, and saw 3 of its levels.

You collected 114 gold pieces.

Inventory:

Hand Weapons
 a - a +0 short sword (weapon)
 k - a cursed -3 whip
Missiles
 c - a large rock (quivered)
Armour
 b - a +0 robe (worn)
Jewellery
 e - a ring of positive energy (left hand)
Scrolls
 i - a scroll of identify {unknown}
 j - a scroll of immolation {unknown}
Potions
 g - a potion of heal wounds {unknown}
 h - 3 potions of lignification {unknown}
Comestibles
 d - 6 chunks of flesh
 f - a ration


   Skills:
 * Level 4.2 Fighting
 * Level 1.3 Maces & Flails
 * Level 4.7 Throwing
 - Level 2.2 Dodging
 - Level 0.6 Stealth


You had 3 spell levels left.
You didn't know any spells.
Your spell library was empty.

Dungeon Overview and Level Annotations

Branches:
Dungeon (3/15)

Altars:
Fedhas
Qazlal
Sif Muna


Innate Abilities, Weirdness & Mutations

You are too large for most types of armour.
You have tough skin. (AC +1)


Message History

The plant is heavily damaged.
You feel sick. The adder barely misses you. The adder misses you.
Throwing (i - inventory)
c - 3 large rocks (quivered)
Press: ? - help, Shift-Dir - straight line, f/p - adder
Aim: an adder (almost dead)
You throw a large rock. The large rock misses the adder.
The large rock hits the plant!
The plant is heavily damaged.
You feel sick. The adder barely misses you. The adder bites you.
* * * LOW HITPOINT WARNING * * *
The adder barely misses you.
Throwing (i - inventory)
c - 2 large rocks (quivered)
Press: ? - help, Shift-Dir - straight line, f/p - adder
Aim: an adder (almost dead)
You throw a large rock. The large rock barely misses the adder.
The large rock hits the plant!!
You destroy the plant!
* * * LOW HITPOINT WARNING * * *
You feel sick. The adder bites you.
You die...

.PP≈.. ≈≈≈P..##
P≈≈≈..## ###
♣≈PP..#...
♣≈P..#.#
♣♣PPP...#####
♣≈≈P≈<......#
.P≈♣≈♣≈PP..#####.#
.P≈(≈≈S@.........
..P≈P≈.#(#######.
##.#.#..... #
#.#..## #.....
#....## ##..##
...#


You could see an adder.

Vanquished Creatures
  3 adders (D:2)
  An ooze (D:2)
  3 worms
  A dart slug (D:1)
  3 leopard geckos
  2 hobgoblins (D:2)
  11 jackals
  A quokka (D:2)
  3 bats (D:1)
  3 frilled lizards
  5 goblins
  8 kobolds
  10 rats
  A plant (D:3)
55 creatures vanquished.

Vanquished Creatures (others)
  An adder (D:3)
1 creature vanquished.

Grand Total: 56 creatures vanquished

Notes
Turn   | Place    | Note
-------+----------+-------------------------------------------
     0 | D:1      | Martska the Ogre Hunter began the quest for the Orb.
     0 | D:1      | Reached XP level 1. HP: 22/22 MP: 1/1
   416 | D:1      | Reached XP level 2. HP: 31/31 MP: 2/2
   826 | D:1      | Reached XP level 3. HP: 37/37 MP: 3/3
  1548 | D:2      | Found a stormy altar of Qazlal.
  1592 | D:2      | HP: 1/39 [adder (2)]
  1604 | D:2      | Reached XP level 4. HP: 4/48 MP: 4/4
  1996 | D:2      | Reached skill level 1 in Maces & Flails
  2895 | D:2      | Found a blossoming altar of Fedhas.
  2896 | D:2      | Found a shimmering blue altar of Sif Muna.
  2945 | D:3      | Slain by an adder

Illustrated notes

Levels and vault maps discovered:
D:1:      dpeg_arrival_simpleton_b, layout_basic
D:2:      layout_rooms, grunt_qazlal_clouds, gammafunk_temple_overflow_pools,
          kennysheep_cross_bottleneck, chequers_serial_rivers_micro_d
D:3:      layout_basic, nicolae_overflow_crystal_walls, first_ration,
          serial_bayou_pond_c, lemuel_flame_loot_1

Skill      XL: |  1  2  3  4 |
---------------+-------------+-----
Fighting       | 3 4 |  4.2
Dodging        | 2 |  2.2
Maces & Flails | 1 |  1.3
Throwing       | |  4.7
Stealth        | |  0.6

Action                   |  1- 3 |  4- 6 || total
-------------------------+-------+-------++-------
Melee: Short sword       |   126 |    76 ||   202
Throw: Large rock        |    15 |     9 ||    24
       Throwing net      |     2 |     1 ||     3
  Use: Potion            |     2 |       ||     2
 Stab: Sleeping          |     1 |     1 ||     2
  Eat: Chunk             |     2 |     1 ||     3
       Ration            |       |     1 ||     1
Armor: Robe              |    38 |    11 ||    49
Dodge: Dodged            |    89 |    46 ||   135
